IL
EL PASO CHIHUAHUAS @ NEW ORLEANS ZEPHYRS
09/24/2049
 
TOP OF THE 1ST
El Paso Chihuahuas batting - Pitching for New Orleans Zephyrs : RHP Adam Durant
Pitching: RHP Adam Durant
Batting: RHB Robby Godwin 0-0: Called Strike
0-1: Ground out 4-3 (Groundball, 4, EV 96.9 MPH)
Batting: RHB Jeff Brower 0-0: Called Strike
0-1: Swinging Strike
0-2: Ball
1-2: SINGLE (Groundball, 6M, EV 103.1 MPH) (infield hit)
Batting: RHB Mike Hayward 0-0: Foul Ball, location: 2F
Pickoff Throw to First - Out! 1-3
0-1: Ball
1-1: Called Strike
1-2: Ground out 3-1 (Groundball, 34, EV 95.0 MPH)
Top of the 1st over - 0 runs, 1 hit, 0 errors, 0 left on base; El Paso 0 - New Orleans 0
BOTTOM OF THE 1ST
New Orleans Zephyrs batting - Pitching for El Paso Chihuahuas : RHP Pat Matera
Pitching: RHP Pat Matera
Batting: LHB David Doge 0-0: Fly out, F7 (Line Drive, 78S, EV 88.8 MPH)
Batting: RHB Manuel Taveras 0-0: Ground out 6-3 (Groundball, 6S, EV 81.9 MPH)
Batting: LHB Eric Bailey 0-0: SINGLE (Flyball, 8LS, EV 93.8 MPH)
Batting: SHB Ramon Martinez 0-0: Called Strike
Eric Bailey steals 2nd base
0-1: Ball
1-1: Ball
2-1: Foul Ball, location: 2F
2-2: SINGLE (Groundball, 34S, EV 63.8 MPH) (infield hit)
Eric Bailey to third
Batting: RHB Isaiah Brockman 0-0: Ball
1-0: Ball
2-0: Called Strike
2-1: Foul Ball, location: 2F
2-2: Strikes out looking and he ARGUES THE CALL AND IS TOSSED!
Bottom of the 1st over - 0 runs, 2 hits, 0 errors, 2 left on base; El Paso 0 - New Orleans 0
TOP OF THE 2ND
El Paso Chihuahuas batting - Pitching for New Orleans Zephyrs : RHP Adam Durant
Batting: SHB Adam Martin 0-0: Called Strike
0-1: Ball
1-1: Ball
2-1: Ball
3-1: Base on Balls
Batting: LHB Carlos Cuellar 0-0: Foul Ball, location: 2F
0-1: Ball
1-1: Ball
2-1: Fly out, F7 (Flyball, 7S, EV 90.6 MPH)
Batting: RHB Andy Sheridan 0-0: Ball
1-0: Grounds into double play, 6-4-3 (Groundball, 6, EV 80.0 MPH)
Top of the 2nd over - 0 runs, 0 hits, 0 errors, 0 left on base; El Paso 0 - New Orleans 0
BOTTOM OF THE 2ND
New Orleans Zephyrs batting - Pitching for El Paso Chihuahuas : RHP Pat Matera
Batting: RHB Orlando Landa 0-0: Called Strike
0-1: Swinging Strike
0-2: Strikes out looking
Batting: RHB Boof Howell 0-0: Ball
1-0: Called Strike
1-1: SINGLE (Flyball, 56D, EV 86.2 MPH)
Batting: SHB Greg Rivera 0-0: Fielders Choice at 2nd, 4-6 (Groundball, 34, EV 83.1 MPH)
Batting: RHB Masumitsu Sugiura 0-0: Fly out, F3 (Popup, 3S, EV 80.6 MPH)
Bottom of the 2nd over - 0 runs, 1 hit, 0 errors, 1 left on base; El Paso 0 - New Orleans 0
TOP OF THE 3RD
El Paso Chihuahuas batting - Pitching for New Orleans Zephyrs : RHP Adam Durant
Batting: LHB Hugo MacBeth 0-0: Called Strike
0-1: Foul Ball, location: 2F
0-2: Strikes out swinging
Batting: LHB Angel Mejia 0-0: Called Strike
0-1: Called Strike
0-2: Strikes out looking
Batting: SHB Harrison McLaughlin 0-0: Swinging Strike
0-1: Ball
1-1: Foul Ball, location: 2F
1-2: Foul Ball, location: 2F
1-2: Ball
2-2: Ball
3-2: Ground out 4-3 (Groundball, 4D, EV 93.1 MPH)
Top of the 3rd over - 0 runs, 0 hits, 0 errors, 0 left on base; El Paso 0 - New Orleans 0
BOTTOM OF THE 3RD
New Orleans Zephyrs batting - Pitching for El Paso Chihuahuas : RHP Pat Matera
Batting: LHB David Doge 0-0: Fly out, F8 (Flyball, 78D, EV 96.2 MPH)
Batting: RHB Manuel Taveras 0-0: Swinging Strike
0-1: Swinging Strike
0-2: Strikes out looking
Batting: LHB Eric Bailey 0-0: Ball
1-0: Ball
2-0: Called Strike
2-1: Ball
3-1: Base on Balls
Batting: SHB Ramon Martinez 0-0: Ground out 6-3 (Groundball, 6MS, EV 88.1 MPH)
Bottom of the 3rd over - 0 runs, 0 hits, 0 errors, 1 left on base; El Paso 0 - New Orleans 0
TOP OF THE 4TH
El Paso Chihuahuas batting - Pitching for New Orleans Zephyrs : RHP Adam Durant
Batting: RHB Robby Godwin 0-0: Called Strike
0-1: Swinging Strike
0-2: Ball
1-2: Ball
2-2: Fly out, F7 (Flyball, 78M, EV 88.1 MPH)
Batting: RHB Jeff Brower 0-0: Ball
1-0: Called Strike
1-1: Foul Ball, location: 2F
1-2: Foul Ball, location: 2F
1-2: Fly out, F9 (Flyball, 9S, EV 91.2 MPH)
Batting: RHB Mike Hayward 0-0: Ground out 6-3 (Groundball, 56, EV 110.0 MPH)
Top of the 4th over - 0 runs, 0 hits, 0 errors, 0 left on base; El Paso 0 - New Orleans 0
BOTTOM OF THE 4TH
New Orleans Zephyrs batting - Pitching for El Paso Chihuahuas : RHP Pat Matera
Batting: RHB Adam McGurn 0-0: Ball
1-0: Ball
2-0: Ball
3-0: Base on Balls
Batting: RHB Orlando Landa 0-0: Grounds into double play, 1-6-3 (Groundball, 13, EV 70.0 MPH)
Batting: RHB Boof Howell 0-0: Ball
1-0: Called Strike
1-1: Foul Ball, location: 2F
1-2: Ball
2-2: Ground out U3 (Groundball, 34S, EV 84.4 MPH)
Bottom of the 4th over - 0 runs, 0 hits, 0 errors, 0 left on base; El Paso 0 - New Orleans 0
TOP OF THE 5TH
El Paso Chihuahuas batting - Pitching for New Orleans Zephyrs : RHP Adam Durant
Batting: SHB Adam Martin 0-0: Foul Ball, location: 2F
0-1: Fly out, F9 (Flyball, 9, EV 94.4 MPH)
Batting: LHB Carlos Cuellar 0-0: Ground out 4-3 (Groundball, 4, EV 86.2 MPH)
Batting: RHB Andy Sheridan 0-0: Ball
1-0: Called Strike
1-1: DOUBLE (Flyball, 8LXD, EV 102.5 MPH)
Batting: LHB Hugo MacBeth 0-0: Ball
1-0: Ball
2-0: Called Strike
2-1: Ball
3-1: Swinging Strike
3-2: Strikes out looking
Top of the 5th over - 0 runs, 1 hit, 0 errors, 1 left on base; El Paso 0 - New Orleans 0
BOTTOM OF THE 5TH
New Orleans Zephyrs batting - Pitching for El Paso Chihuahuas : RHP Pat Matera
Batting: SHB Greg Rivera 0-0: Ball
1-0: Called Strike
1-1: Ball
2-1: Ball
3-1: Ground out 6-3 (Groundball, 6M, EV 103.1 MPH)
Batting: RHB Masumitsu Sugiura 0-0: Swinging Strike
0-1: Foul Ball, location: 2F
0-2: Ball
1-2: Ball
2-2: Foul Ball, location: 2F
2-2: Fly out, F4 (Line Drive, 4M, EV 71.2 MPH)
Batting: LHB David Doge 0-0: Foul Ball, location: 2F
0-1: Ball
1-1: Ground out 5-3 (Groundball, 6S, EV 93.1 MPH)
Bottom of the 5th over - 0 runs, 0 hits, 0 errors, 0 left on base; El Paso 0 - New Orleans 0
TOP OF THE 6TH
El Paso Chihuahuas batting - Pitching for New Orleans Zephyrs : RHP Adam Durant
Batting: LHB Angel Mejia 0-0: Ball
1-0: Called Strike
1-1: Fly out, F8 (Flyball, 78S, EV 90.0 MPH)
Batting: SHB Harrison McLaughlin 0-0: Ball
1-0: Called Strike
1-1: Fly out, F9 (Line Drive, 9S, EV 100.0 MPH)
Batting: RHB Robby Godwin 0-0: Called Strike
0-1: Foul Ball, location: 2F
0-2: Fly out, F8 (Flyball, 8RD, EV 84.4 MPH)
Top of the 6th over - 0 runs, 0 hits, 0 errors, 0 left on base; El Paso 0 - New Orleans 0
BOTTOM OF THE 6TH
New Orleans Zephyrs batting - Pitching for El Paso Chihuahuas : RHP Pat Matera
Batting: RHB Manuel Taveras 0-0: Ball
1-0: Foul Ball, location: 2F
1-1: Foul Ball, location: 2F
1-2: Foul Ball, location: 2F
1-2: Foul Ball, location: 2F
1-2: Strikes out swinging
Batting: LHB Eric Bailey 0-0: Called Strike
0-1: Ball
1-1: Ground out 4-3 (Groundball, 4, EV 82.5 MPH)
Batting: SHB Ramon Martinez 0-0: Ball
1-0: Called Strike
1-1: SINGLE (Groundball, 6S, EV 65.0 MPH) (infield hit)
Batting: RHB Adam McGurn 0-0: Ball
1-0: Swinging Strike
1-1: Called Strike
Ramon Martinez steals 2nd base (no throw)
1-2: Foul Ball, location: 2F
1-2: Ball
2-2: Strikes out swinging
Bottom of the 6th over - 0 runs, 1 hit, 0 errors, 1 left on base; El Paso 0 - New Orleans 0
TOP OF THE 7TH
El Paso Chihuahuas batting - Pitching for New Orleans Zephyrs : RHP Adam Durant
Batting: RHB Jeff Brower 0-0: Called Strike
0-1: Foul Ball, location: 2F
0-2: Foul Ball, location: 2F
0-2: Ball
1-2: Fly out, F8 (Line Drive, 78M, EV 95.6 MPH)
Batting: RHB Mike Hayward 0-0: Ball
1-0: Ball
2-0: Fly out, F8 (Flyball, 8RXD, EV 100.6 MPH)
Batting: SHB Adam Martin 0-0: SINGLE (Groundball, 4M, EV 111.2 MPH) (infield hit)
Batting: LHB Carlos Cuellar 0-0: Swinging Strike
0-1: Ball
1-1: Ball
2-1: Fly out, F6 (Line Drive, 6M, EV 69.4 MPH)
Top of the 7th over - 0 runs, 1 hit, 0 errors, 1 left on base; El Paso 0 - New Orleans 0
BOTTOM OF THE 7TH
New Orleans Zephyrs batting - Pitching for El Paso Chihuahuas : RHP Pat Matera
Batting: RHB Orlando Landa 0-0: Ball
1-0: Foul Ball, location: 2F
1-1: Ground out 6-3 (Groundball, 6, EV 106.9 MPH)
Batting: RHB Boof Howell 0-0: Foul Ball, location: 2F
0-1: Swinging Strike
0-2: Foul Ball, location: 2F
0-2: Foul Ball, location: 2F
0-2: Ball
1-2: Ball
2-2: Foul Ball, location: 2F
2-2: Ball
3-2: Foul Ball, location: 2F
3-2: Ground out 6-3 (Groundball, 6, EV 86.9 MPH)
Batting: SHB Greg Rivera 0-0: Called Strike
0-1: Called Strike
0-2: Foul Ball, location: 2F
0-2: Foul Ball, location: 2F
0-2: Ball
1-2: Foul Ball, location: 2F
1-2: Ball
2-2: Ball
3-2: SINGLE (Line Drive, 89M, EV 103.8 MPH)
Batting: RHB Masumitsu Sugiura 0-0: Called Strike
0-1: Ball
1-1: Foul Ball, location: 2F
1-2: Ground out 6-3 (Groundball, 6S, EV 66.2 MPH)
Bottom of the 7th over - 0 runs, 1 hit, 0 errors, 1 left on base; El Paso 0 - New Orleans 0
TOP OF THE 8TH
El Paso Chihuahuas batting - Pitching for New Orleans Zephyrs : RHP Adam Durant
Batting: RHB Andy Sheridan 0-0: Ball
1-0: Foul Ball, location: 2F
1-1: Ball
2-1: SINGLE (Groundball, 6M, EV 85.6 MPH) (infield hit)
Batting: LHB Hugo MacBeth 0-0: Swinging Strike
0-1: Foul Ball, location: 2F
0-2: SINGLE (Line Drive, 6M, EV 108.1 MPH)
Andy Sheridan to second
Pinch Runner at 2nd Jerry Escamilla:
Batting: LHB Angel Mejia 0-0: Bunted foul
0-1: Bunted foul
0-2: Foul Ball, location: 2F
0-2: Ball
1-2: Foul Ball, location: 2F
1-2: Strikes out swinging
Batting: SHB Harrison McLaughlin 0-0: Called Strike
0-1: Swinging Strike
0-2: Ball
1-2: SINGLE (Groundball, 3L, EV 88.8 MPH) (infield hit)
Jerry Escamilla to third
Hugo MacBeth to second
Batting: RHB Robby Godwin 0-0: Ball
1-0: Fly out, F7 (Flyball, 7, EV 84.4 MPH)
Batting: RHB Jeff Brower 0-0: Called Strike
0-1: Ball
1-1: Called Strike
1-2: Ball
2-2: Ball
3-2: Fly out, F8 (Flyball, 8RD, EV 96.2 MPH)
Top of the 8th over - 0 runs, 3 hits, 0 errors, 3 left on base; El Paso 0 - New Orleans 0
BOTTOM OF THE 8TH
New Orleans Zephyrs batting - Pitching for El Paso Chihuahuas : RHP Pat Matera
Pitching: RHP Omar Torres
Batting: LHB David Doge 0-0: Ball
1-0: Foul Ball, location: 2F
1-1: Ball
2-1: Ball
3-1: Called Strike
3-2: Strikes out looking
Batting: RHB Manuel Taveras 0-0: Ball
1-0: Foul Ball, location: 2F
1-1: Ball
2-1: Foul Ball, location: 2F
2-2: Strikes out swinging
Batting: LHB Eric Bailey 0-0: Ball
1-0: Called Strike
1-1: Swinging Strike
1-2: Strikes out swinging
Bottom of the 8th over - 0 runs, 0 hits, 0 errors, 0 left on base; El Paso 0 - New Orleans 0
TOP OF THE 9TH
El Paso Chihuahuas batting - Pitching for New Orleans Zephyrs : RHP Adam Durant
Batting: RHB Mike Hayward 0-0: Ball
1-0: Ball
2-0: Called Strike
2-1: Foul Ball, location: 2F
2-2: Foul Ball, location: 2F
2-2: SINGLE (Groundball, 6M, EV 104.4 MPH)
Pitching: LHP Hideo Komatsu
Batting: SHB Adam Martin 0-0: Called Strike
0-1: Ball
1-1: Grounds into double play, 4-6-3 (Groundball, 4, EV 86.9 MPH)
Pinch Hitting: RHB Ryan Tatum 0-0: Swinging Strike
0-1: Foul Ball, location: 2F
0-2: Ball
1-2: Ball
2-2: Ball
3-2: Foul Ball, location: 2F
3-2: Strikes out looking
Top of the 9th over - 0 runs, 1 hit, 0 errors, 0 left on base; El Paso 0 - New Orleans 0
BOTTOM OF THE 9TH
New Orleans Zephyrs batting - Pitching for El Paso Chihuahuas : RHP Omar Torres
Now in RF: Danny Bunn
Batting: SHB Ramon Martinez 0-0: Ball
1-0: Called Strike
1-1: Swinging Strike
1-2: Strikes out looking
Batting: RHB Adam McGurn 0-0: SINGLE (Groundball, 6D, EV 98.1 MPH)
Batting: RHB Orlando Landa 0-0: Called Strike
Adam McGurn steals 2nd base
0-1: Ground out U3 (Groundball, 13, EV 90.0 MPH)
Adam McGurn to third
Batting: RHB Boof Howell 0-0: Swinging Strike
0-1: Ball
1-1: Ground out 4-3 (Groundball, 4S, EV 88.1 MPH)
Bottom of the 9th over - 0 runs, 1 hit, 0 errors, 1 left on base; El Paso 0 - New Orleans 0
TOP OF THE 10TH
El Paso Chihuahuas batting - Pitching for New Orleans Zephyrs : LHP Hideo Komatsu
Batting: RHB Jerry Escamilla 0-0: Called Strike
0-1: Ball
1-1: Foul Ball, location: 2F
1-2: Ball
2-2: Strikes out swinging
Pinch Hitting: RHB Dave Cluster 0-0: Ball
1-0: SINGLE (Line Drive, 34, EV 103.8 MPH)
Batting: LHB Angel Mejia 0-0: Called Strike
0-1: Called Strike
0-2: Strikes out swinging
Batting: SHB Harrison McLaughlin 0-0: Called Strike
0-1: Ball
1-1: Called Strike
1-2: Strikes out swinging
Top of the 10th over - 0 runs, 1 hit, 0 errors, 1 left on base; El Paso 0 - New Orleans 0
BOTTOM OF THE 10TH
New Orleans Zephyrs batting - Pitching for El Paso Chihuahuas : RHP Omar Torres
Pitching: RHP Colin Dorsey
Now at C: Rich Atterberry
Batting: SHB Greg Rivera 0-0: Ball
1-0: Called Strike
1-1: Ball
2-1: Ball
3-1: Foul Ball, location: 2F
3-2: SINGLE (Groundball, 34D, EV 99.4 MPH)
Pinch Hitting: RHB Rick Fell 0-0: Ball
1-0: Fly out, F9 (Flyball, 9, EV 83.8 MPH)
Batting: LHB David Doge 0-0: Ball
1-0: Called Strike
1-1: Ball
2-1: Ball
3-1: Foul Ball, location: 2F
3-2: Foul Ball, location: 2F
3-2: Fielders Choice at 2nd, 6-4 (Groundball, 56, EV 85.6 MPH)
Batting: RHB Manuel Taveras 0-0: Foul Ball, location: 2F
0-1: Ball
1-1: Called Strike
1-2: Ball
2-2: 2-RUN HOME RUN (Flyball, 7D, EV 98.8 MPH), Distance : 391 ft
Bottom of the 10th over - 2 runs, 2 hits, 0 errors, 0 left on base; El Paso 0 - New Orleans 2
Sunday, July 16th , 2023 - OOTP Baseball 24.6 Build 69